 Dungeon Crawl Stone Soup version 0.29.1-12-g30fa7ad0bf (webtiles) character file.

Game seed: 10937978080574710747

2763 mikejobo the Cleaver (level 9, -9/78 HPs)
             Began as a Hill Orc Fighter on Dec 16, 2022.
             Was a Believer of Uskayaw.
             Killed from afar by an electric eel (10 damage)
             ... with a bolt of electricity
             ... on level 7 of the Dungeon.
             The game lasted 00:53:14 (6271 turns).

mikejobo the Cleaver (Hill Orc Fighter)             Turns: 6271, Time: 00:53:14

Health: -9/78      AC:  7    Str: 21    XL:     9   Next: 69%
Magic:  9/9        EV: 12    Int:  3    God:    Uskayaw [**....]
Gold:   440        SH:  0    Dex: 17    Spells: 8/8 levels left

rFire   + . .      SeeInvis .   k - +8 broad axe of Fiume {vorpal, rF+ rC+ Int-5 Dex+5}
rCold   + . .      Faith    +   l - orb {*Rage}
rNeg    . . .      Spirit   .   y - +0 steam dragon scales
rPois   +          Reflect  .   (no helmet)
rElec   .          Harm     .   (no cloak)
rCorr   .          Rampage  .   R - +0 pair of gloves
Will    .....      Rage     20% (no boots)
Stlth   ++........              e - amulet of faith
HPRegen 0.23/turn               f - ring of poison resistance
MPRegen 0.11/turn               M - +4 ring of slaying

@: about to teleport, on berserk cooldown, slowed, studying Conjurations, very
slow
A: no striking features
a: Renounce Religion, Stomp, Line Pass


You were on level 7 of the Dungeon.
You worshipped Uskayaw.
Uskayaw was noncommittal.
You visited 1 branch of the dungeon, and saw 7 of its levels.
You also visited: Ossuary.

You collected 440 gold pieces.

Inventory:

Hand Weapons
 a - a +0 war axe
 j - a +0 trident
 k - the +8 broad axe of Fiume (weapon) {vorpal, rF+ rC+ Int-5 Dex+5}
   (You acquired it on level 5 of the Dungeon)

   It inflicts extra damage upon your enemies.
   Int:       It affects your intelligence (-5).
   Dex:       It affects your dexterity (+5).
   rF:        It protects you from fire.
   rC:        It protects you from cold.
 m - a +0 spear
 n - a +0 sling
 p - a +0 hand crossbow
 J - a +0 dire flail of venom
Missiles
 i - 28 stones (quivered)
 A - 6 poisoned darts
 Q - a throwing net
Armour
 b - a +0 scale mail
 c - a +0 buckler
 l - an orb of wrath (worn)
 y - +0 steam dragon scales (worn)
 R - a +0 pair of gloves (worn)
Jewellery
 e - an amulet of faith (around neck)
 f - a ring of poison resistance (left hand)
 h - a ring of positive energy
 o - a ring of positive energy
 r - an amulet of the acrobat
 u - a ring of willpower
 M - a +4 ring of slaying (right hand)
 O - an amulet of faith
Wands
 H - a wand of roots (10)
 L - a wand of flame (12)
 N - a wand of paralysis (10)
Scrolls
 d - 5 scrolls of teleportation
 s - a scroll of fear
 t - 2 scrolls of vulnerability
 B - a scroll of blinking {unknown}
 C - a scroll of torment {unknown}
 D - a scroll of butterflies {unknown}
 F - a scroll of immolation {unknown}
 I - 2 scrolls of poison {unknown}
 P - a scroll of amnesia {unknown}
 S - a scroll of noise {unknown}
Potions
 g - 3 potions of mutation
 q - 2 potions of lignification
 v - 2 potions of berserk rage
 w - 6 potions of curing
 x - 4 potions of haste
 z - 3 potions of flight
 E - 2 potions of heal wounds
 G - a potion of degeneration {unknown}
 K - a potion of magic {unknown}


   Skills:
 + Level 6.9 Fighting
 + Level 11.3 Axes
 + Level 1.1 Ranged Weapons
 + Level 0.2 Throwing
 + Level 7.1 Armour
 + Level 2.3 Dodging
 + Level 2.6 Stealth
 + Level 5.4 Shields
 + Level 0.6 Evocations


You had 8 spell levels left.
You didn't know any spells.
Your spell library contained the following spells:

 Spells                   Type           Power      Damage    Failure   Level
 Apportation              Tloc           0%         N/A       52%         1
 Necrotise                Necr           0%         1d4       52%         1
 Summon Small Mammal      Summ           0%         N/A       52%         1
 Frozen Ramparts          Ice            0%         1d1       88%         3
 Ice Form                 Ice/Tmut       0%         N/A       99%         4
 Summon Ice Beast         Ice/Summ       0%         N/A       99%         4


Dungeon Overview and Level Annotations

Branches:
Dungeon (7/15)             Temple (0/1) D:5         Ossuary (visited)

Altars:
Fedhas
Gozag
Nemelex Xobeh
Uskayaw
Yredelemnul

Annotations:
D:2 Natasha


Message History

You slash the gargoyle!
The gargoyle is severely damaged.
The gargoyle hits you with a +0 flail!!
You can now pass through a line of other dancers.
A red film seems to cover your vision as you go berserk!
You feel yourself moving faster!
You feel mighty!
You hit the gargoyle.
The gargoyle is almost destroyed.
The gargoyle hits you with a +0 flail!
You hit the gargoyle.
You destroy the gargoyle!
Uskayaw will force your foes to helplessly watch your dance.
Your Axes skill increases to level 11!
An electric eel comes into view.
You see here a +0 flail.
You feel a strong urge to attack something.
An electric eel comes into view.
You feel your anger nearly subside.
You are no longer berserk.
You are exhausted.
You feel yourself slow down.
The electric eel shoots out a bolt of lightning at you!
The bolt of electricity hits you!
The electric eel shoots out a bolt of lightning at you!
The bolt of electricity hits you!
A troll comes into view.
The troll shouts!
The electric eel shoots out a bolt of lightning at you!
The bolt of electricity hits you!
* * * LOW HITPOINT WARNING * * *
The electric eel shoots out a bolt of lightning at you!
The bolt of electricity hits you.
* * * LOW HITPOINT WARNING * * *
As you read the scroll of teleportation, it crumbles to dust.
You feel strangely unstable.
The electric eel shoots out a bolt of lightning at you!
The bolt of electricity hits you!
* * * LOW HITPOINT WARNING * * *
You see here a +0 flail.
The electric eel shoots out a bolt of lightning at you!
The bolt of electricity hits you!
You die...

#..................#,,,,*,,,,,,,*
#..................#,,,,*,,,,,,,*
+..................#,,,,*,,,,,,,+
#..................#**+**+**,,,**
#.....##########''####,,,,,******
#.....* ##≈≈≈..≈≈≈##,,,,*,,,,,
#....,* ##≈≈≈≈..≈≈≈≈##,,,*,,,,,
#...,,* ##≈≈≈≈≈.(≈≈≈≈≈#*,,*,,,,,
#...,,* *#≈≈≈≈≈≈@.≈≈≈≈≈≈**,*,,,,,
#,,,,,***≈≈≈≈≈≈≈).≈≈≈≈≈≈~****+***
#,,,,,+*~≈≈≈≈≈≈≈T.≈≈≈≈≈≈~~*,,,,,,
#,,,,,**~≈≈≈≈≈≈≈..≈≈≈≈≈≈~~*,,,,,,
#,,,,,,*~≈≈≈≈≈≈⌠..⌠≈≈≈≈≈~~*,,,,,,
#,,,,,,+,......[##......,,+,,,,,,
#,,,<,,+,......)**......,,+,,,,,,
#,,,,,+*~≈≈≈≈≈SS,,⌠≈≈≈≈≈~~*,,,,,,
#,,,,,**~≈≈≈≈≈≈≈,,≈≈≈≈≈≈~~*,,,,,,


You could see a troll and 2 electric eels.

Vanquished Creatures
  Maggie (D:7)
  A gargoyle (D:7)
  Prince Ribbit (D:6)
  2 steam dragons
  Edmund (D:5)
  2 water moccasins
  A sky beast (D:6)
  A black bear (D:7)
  2 ice beasts (D:6)
  A centaur (D:6)
  An ogre (D:6)
  An elf zombie (Ossuary)
  A bullfrog (D:6)
  2 scorpions (D:5)
  A howler monkey (D:4)
  A centaur zombie (D:3)
  A jelly (D:6)
  2 orc priests
  2 hounds
  A gnoll bouda (D:7)
  A human zombie (Ossuary)
  Jessica (D:3)
  4 iguanas
  4 mummies (Ossuary)
  5 gnolls (D:7)
  3 adders
  A shadow imp (D:7)
  2 white imps
  3 adder skeletons (D:3)
  2 adder zombies
  2 worms
  8 orcs
  An endoplasm (D:1)
  5 goblins
  4 hobgoblins
  10 jackals
  2 kobolds (D:4)
  3 quokkas
  6 ball pythons
  A ball python zombie (D:3)
  4 bats
  A frilled lizard (D:1)
  A goblin zombie (Ossuary)
  2 hobgoblin zombies (Ossuary)
  2 jackal zombies (Ossuary)
  2 kobold zombies (Ossuary)
  An orc zombie (Ossuary)
  A quokka skeleton (D:3)
  4 rats
  A rat zombie (Ossuary)
113 creatures vanquished.

Vanquished Creatures (others)
  10 withered plants (D:3)
10 creatures vanquished.

Grand Total: 123 creatures vanquished

Notes
Turn   | Place    | Note
-------+----------+-------------------------------------------
     0 | D:1      | mikejobo the Hill Orc Fighter began the quest for the Orb.
     0 | D:1      | Reached XP level 1. HP: 19/19 MP: 1/1
  1503 | D:1      | Reached XP level 2. HP: 27/27 MP: 2/2
  1595 | D:2      | Found a faded altar of an unknown god.
  1719 | D:2      | Reached skill level 3 in Axes
  1800 | D:2      | Reached XP level 3. HP: 27/33 MP: 3/3
  2173 | D:2      | Noticed Natasha
  2311 | D:3      | Reached skill level 1 in Ranged Weapons
  2311 | D:3      | Reached XP level 4. HP: 26/40 MP: 4/4
  2396 | D:3      | Noticed Jessica
  2407 | D:3      | Killed Jessica
  2408 | D:3      | Reached skill level 1 in Dodging
  2676 | D:3      | Reached XP level 5. HP: 42/46 MP: 5/5
  3233 | D:4      | Found a basalt altar of Yredelemnul.
  3241 | D:4      | Reached skill level 4 in Axes
  3280 | D:4      | Found an opulent altar of Gozag.
  3282 | D:4      | Found a blossoming altar of Fedhas.
  3284 | D:4      | Found a sparkling altar of Nemelex Xobeh.
  3285 | D:4      | Found a hide-covered altar of Uskayaw.
  3459 | D:4      | Became a worshipper of Uskayaw the Reveller
  3631 | D:4      | Found a sand-covered staircase.
  3636 | Ossuary  | Entered an ossuary
  3642 | Ossuary  | Reached * piety under Uskayaw
  3644 | Ossuary  | Reached ** piety under Uskayaw
  3648 | Ossuary  | Reached *** piety under Uskayaw
  3649 | Ossuary  | Reached **** piety under Uskayaw
  3672 | Ossuary  | Reached ***** piety under Uskayaw
  3673 | Ossuary  | Reached skill level 5 in Axes
  3673 | Ossuary  | Reached XP level 6. HP: 30/52 MP: 6/6
  3822 | Ossuary  | Reached skill level 1 in Stealth
  4041 | D:4      | You fall into a shaft and drop 1 floor!
  4041 | D:5      | Entered Level 5 of the Dungeon
  4050 | D:5      | Noticed a water moccasin
  4064 | D:5      | Killed a water moccasin
  4065 | D:5      | Reached skill level 6 in Axes
  4065 | D:5      | Reached XP level 7. HP: 20/60 MP: 7/7
  4067 | D:5      | Identified a scroll of acquirement
  4070 | D:5      | Acquired the +8 broad axe of Fiume {vorpal, rF+ rC+ Int-5
                  | Dex+5}
  4091 | D:5      | Reached skill level 5 in Armour
  4107 | D:5      | Noticed Edmund
  4120 | D:5      | Killed Edmund
  4173 | D:5      | Found a staircase to the Ecumenical Temple.
  4244 | D:5      | Reached skill level 5 in Fighting
  4247 | D:5      | Reached skill level 7 in Axes
  5049 | D:6      | Noticed a steam dragon
  5054 | D:6      | Noticed Prince Ribbit
  5063 | D:6      | Killed a steam dragon
  5064 | D:6      | Reached XP level 8. HP: 42/68 MP: 8/8
  5067 | D:6      | Killed Prince Ribbit
  5068 | D:6      | Reached skill level 8 in Axes
  5288 | D:6      | Reached skill level 9 in Axes
  5319 | D:6      | Reached XP level 9. HP: 40/75 MP: 9/9
  5778 | D:7      | Reached skill level 10 in Axes
  5782 | D:7      | Noticed Maggie
  5790 | D:7      | Killed Maggie
  5791 | D:7      | Reached skill level 5 in Shields
  6256 | D:7      | Noticed a gargoyle
  6262 | D:7      | Killed a gargoyle
  6263 | D:7      | Reached skill level 11 in Axes
  6267 | D:7      | Noticed a troll
  6270 | D:7      | HP: 1/78 [electric eel/bolt of electricity (13)]
  6271 | D:7      | Killed from afar by an electric eel

Illustrated notes

Levels and vault maps discovered:
D:1:      dpeg_arrival_leaves_temple_mockup, layout_basic
D:2:      layout_basic, nicolae_ecumenical_pavilion, uniq_natasha
D:3:      layout_basic, serial_undead, serial_undead_b, serial_undead_c,
          serial_undead_f, serial_undead_f, serial_undead_e, serial_undead_d,
          uniq_jessica
D:4:      layout_gridville, grunt_temple_overflow_open, enter_ossuary_5,
          serial_rivers, chequers_serial_rivers_micro_e,
          chequers_serial_rivers_micro_b, chequers_serial_rivers_marsh,
          chequers_serial_rivers_micro_a, chequers_serial_rivers_large_b,
          chequers_serial_rivers_marsh
D:5:      layout_rooms, minmay_temple_entry_grid, uniq_edmund
D:6:      layout_rooms, minmay_manual_monstrance, uniq_prince_ribbit1
D:7:      kennysheep_big_flooded_room, layout_gridville,
          grunt_dithmenos_shadows, uniq_maggie

Skill      XL: |  1  2  3  4  5  6  7  8  9 |
---------------+----------------------------+-----
Axes           | 3 5 6 7 9 11 | 11.3
Fighting       | 4 5 6 |  6.9
Ranged Weapons | 1 |  1.1
Dodging        | 1 2 |  2.3
Armour         | 4 5 6 7 |  7.1
Shields        | 4 5 |  5.4
Stealth        | 1 2 |  2.6
Throwing       | |  0.2
Evocations     | |  0.6

Action                   |  1- 3 |  4- 6 |  7- 9 || total
-------------------------+-------+-------+-------++-------
Melee: War axe           |    90 |   137 |       ||   227
       Broad axe         |       |       |   102 ||   102
 Fire: Sling             |    15 |       |       ||    15
Throw: Stone             |     7 |     1 |       ||     8
       Dart              |       |     1 |       ||     1
Evoke: Wand              |       |       |     2 ||     2
  Use: Scroll            |     4 |     3 |     9 ||    16
       Potion            |     5 |     1 |     1 ||     7
 Stab: Paralysed         |       |     4 |     5 ||     9
Armor: Scale mail        |    64 |    69 |    25 ||   158
       Steam dragon scal |       |       |    11 ||    11
Dodge: Dodged            |    66 |    63 |    58 ||   187
Block: Buckler           |    27 |    32 |    27 ||    86
